 Dungeon Crawl Stone Soup version 0.32-a0-779-g362cfcae2a (webtiles) character file.

Game seed: 17978883428088115596

3599 ragingrage the Slicer (level 10, -14/49 HPs)
             Began as a Vine Stalker Delver on Mar 20, 2024.
             Was a Believer of Uskayaw.
             Demolished by a two-headed ogre
             ... wielding a +0 giant club
              (23 damage)
             ... on level 7 of the Dungeon.
             The game lasted 00:10:33 (8164 turns).

ragingrage the Slicer (Vine Stalker Delver)         Turns: 8164, Time: 00:10:34

Health: -14/49     AC:  9    Str: 15    XL:     10   Next: 10%
Magic:  0/14       EV: 12    Int: 10    God:    Uskayaw [**....]
Gold:   400        SH:  0    Dex: 20    Spells: 6/9 levels left

rFire   . . .        a - +0 rapier
rCold   . . .        (no shield)
rNeg    . . .        N - +0 acid dragon scales
rPois   .            C - +0 helmet
rElec   .            d - +0 cloak
rCorr   +            t - +0 pair of gloves
SInv    .            (no boots)
Will    +....        (no amulet)
Stlth   +++          (no ring)
HPRegen 1.08/turn    (no ring)
MPRegen 0.14/turn

%: guardian spirit
@: no status effects
A: fangs 3, regeneration 1, magic shield, antimagic bite, no potion heal 2
a: Renounce Religion, Stomp, Line Pass


You were on level 7 of the Dungeon.
You worshipped Uskayaw.
Uskayaw was noncommittal.
You visited 1 branch of the dungeon, and saw 8 of its levels.

You collected 400 gold pieces.

Inventory:

Hand Weapons
 a - a +0 rapier (weapon)
 b - a +0 dagger of venom
 M - a +2 vampiric dagger
Missiles
 j - 20 poisoned darts (quivered)
 q - 2 javelins
Armour
 d - a +0 cloak (worn)
 t - a +0 pair of gloves (worn)
 B - a +2 kite shield
 C - a +0 helmet (worn)
 H - an orb of light
 N - +0 acid dragon scales (worn)
Wands
 g - a wand of digging (2)
 D - a wand of flame (29)
 F - a wand of polymorph (6)
Scrolls
 c - a scroll of fog
 e - 3 scrolls of fear
 k - a scroll of immolation {unknown}
 m - 2 scrolls of teleportation
 n - a scroll of enchant armour {unknown}
 s - 4 scrolls of poison
 v - 2 scrolls of identify {unknown}
 w - 3 scrolls of noise
 z - a scroll of amnesia {unknown}
 A - a scroll of blinking {unknown}
 I - a scroll of revelation
Potions
 f - a potion of haste
 h - 4 potions of heal wounds {unknown}
 i - 5 potions of curing {unknown}
 l - a potion of cancellation {unknown}
 o - a potion of degeneration {unknown}
 p - a potion of berserk rage {unknown}
 r - a potion of brilliance {unknown}
 E - a potion of mutation {unknown}
 G - a potion of magic {unknown}
 J - a potion of might {unknown}
 K - a potion of attraction {unknown}


   Skills:
 - Level 4.0 Fighting
 + Level 10.8 Short Blades
 - Level 4.0 Dodging
 - Level 6.0 Stealth
 + Level 3.6 Necromancy
 + Level 4.3 Invocations


You had 6 spell levels left.
You knew the following spells:

 Your Spells              Type           Power      Damage    Failure   Level
a - Fugue of the Fallen   Necr           7%         N/A       36%         3

Your spell library contained the following spells:

 Spells                   Type           Power      Damage    Failure   Level
 Ensorcelled Hibernation  Hex/Ice        0%         N/A       63%         2
 Stone Arrow              Conj/Erth      0%         3d7       85%         3
 Anguish                  Hex/Necr       1%         N/A       95%         4
 Animate Armour           Summ/Erth      0%         N/A       99%         4
 Leda's Liquefaction      Alch/Erth      0%         N/A       99%         4
 Lee's Rapid Deconstruct  Erth           0%         3d4*      100%        5
 Permafrost Eruption      Ice/Erth       0%         2x4d2     100%        6
 Lehudib's Crystal Spear  Conj/Erth      0%         10d2      100%        8


Dungeon Overview and Level Annotations

Branches:
Dungeon (8/15)             Temple (0/1) D:6            Lair (0/5) D:8

Altars:
Dithmenos
Elyvilon
Okawaru
Uskayaw
Yredelemnul

Shops:
D:2 *   D:5 (   D:8 *

Annotations:
D:4 exclusion: downstairs
D:5 1 exclusion
D:8 exclusions: orc and warg


Innate Abilities, Weirdness & Mutations

You have razor-sharp teeth.
Your natural rate of healing is unusually fast.
When hurt, damage is shared between your health and your magic reserves.
Your bite disrupts and absorbs the magic of your enemies.
Potions cannot restore your health.


Message History

The two-headed ogre barely misses you. The two-headed ogre closely misses you.
There is a stone staircase leading up, spattered with blood here.
Items here: )) [[.
There are monsters nearby!
The two-headed ogre hits you with a +0 giant club!
The two-headed ogre closely misses you.
You climb upwards.
There is a stone staircase leading down here.
You barely miss the two-headed ogre.
You stomp with the beat, sending a shockwave through the revellers around you!
You can no longer stomp with the beat.
The two-headed ogre closely misses you.
The two-headed ogre hits you with a +0 giant spiked club!!
You hit the two-headed ogre but do no damage.
The two-headed ogre is poisoned.
You bite the two-headed ogre! You drain its power.
You feel invigorated.
You can now stomp with the beat.
You hit the two-headed ogre.
The two-headed ogre looks as sick as possible!
You bite the two-headed ogre! You drain its power.
You feel invigorated. The two-headed ogre barely misses you.
The two-headed ogre closely misses you.
You hit the two-headed ogre but do no damage.
Your +0 dagger of venom stops dripping with poison.
a - a +0 rapier (weapon)
You hit the two-headed ogre. The two-headed ogre closely misses you.
The two-headed ogre barely misses you.
You closely miss the two-headed ogre. Your bite misses the two-headed ogre.
You hit the two-headed ogre.
The two-headed ogre hits you with a +0 giant club!
The two-headed ogre hits you with a +0 giant spiked club!!
* * * LOW HITPOINT WARNING * * *
You can now pass through a line of other dancers.
You completely miss the two-headed ogre.
You hit the two-headed ogre. You bite the two-headed ogre. You drain its power.
You feel invigorated.
You hit the two-headed ogre. You bite the two-headed ogre. You drain its power.
You feel invigorated. The two-headed ogre misses you.
The two-headed ogre hits you with a +0 giant spiked club!!
You die...
Your body falls in perfect tune with the rhythm.

.#.......##.#.#
#..#.##.##)###
.#.......##.#.#
#>.#....###.#.
.#######.##...# #..###..#
##.. .# #.###..###
#..###..###... .#
#.[<.....# #.............
.# #..#####.#
##.###..###... .# #..#
#.#####.###)[####..
.#######..#
#...........)<[....
.......#..#
#.@O........#######
######.#..#####.###########
#.##.......# #..........#
############


You could see a two-headed ogre (very poisoned).

Vanquished Creatures
  Grinder (D:4)
  Eustachio (D:4)
  A warg (D:8)
  An acid dragon (D:8)
  2 water moccasins
  2 orc warriors
  An ice beast (D:6)
  4 black bears
  2 sky beasts
  2 ogres
  2 wolves (D:8)
  5 phantoms
  5 bullfrogs
  2 kobold brigands
  2 scorpions
  A wight (D:7)
  A howler monkey (D:6)
  A bullfrog zombie (D:6)
  A centaur zombie (D:6)
  2 hounds
  2 orc priests (D:5)
  A gnoll bouda (D:7)
  A sleepcap (D:7)
  3 iguanas
  2 orc wizards
  8 gnolls
  5 adders
  2 shadow imps
  A white imp (D:7)
  2 dart slugs
  3 ribbon worms
  13 orcs
  5 endoplasms
  5 giant cockroaches
  5 goblins
  9 hobgoblins
  5 jackals
  14 kobolds
  3 quokkas
  5 ball pythons
  10 bats
  10 frilled lizards
  6 rats
159 creatures vanquished.

Notes
Turn   | Place    | Note
-------+----------+-------------------------------------------
     0 | D:5      | ragingrage the Vine Stalker Delver began the quest for the
                  | Orb.
     0 | D:5      | Reached XP level 1. HP: 11/11 MP: 2/2
     3 | D:6      | Noticed a water moccasin
     9 | D:5      | Found a hide-covered altar of Uskayaw.
    17 | D:5      | Became a worshipper of Uskayaw the Reveller
    22 | D:5      | Noticed an ogre
    62 | D:5      | Noticed a phantom
    76 | D:5      | Found an iron altar of Okawaru.
    82 | D:5      | Noticed a hound
   127 | D:2      | Reached * piety under Uskayaw
   140 | D:3      | Reached skill level 2 in Short Blades
   143 | D:3      | Reached ** piety under Uskayaw
   296 | D:2      | Reached XP level 2. HP: 14/16 MP: 1/3
   475 | D:2      | Reached skill level 3 in Short Blades
   475 | D:2      | Reached XP level 3. HP: 19/19 MP: 2/4
   578 | D:2      | Found Hownifyd's General Store.
  1307 | D:1      | Reached XP level 4. HP: 23/23 MP: 5/5
  1604 | D:2      | Reached skill level 4 in Short Blades
  2247 | D:4      | Noticed a scorpion
  2266 | D:4      | Killed a scorpion
  2267 | D:4      | Reached skill level 5 in Short Blades
  2267 | D:4      | Reached XP level 5. HP: 14/27 MP: 3/6
  2301 | D:4      | Found a transporter.
  2303 | D:4      | Found a white marble altar of Elyvilon.
  2315 | D:4      | Noticed Eustachio
  2568 | D:4      | Reached *** piety under Uskayaw
  2569 | D:4      | Killed Eustachio
  2570 | D:4      | Reached skill level 6 in Short Blades
  2570 | D:4      | Reached XP level 6. HP: 27/32 MP: 7/7
  2843 | D:4      | Noticed Grinder
  2868 | D:4      | Found a transporter.
  3316 | D:4      | Killed Grinder
  3317 | D:4      | Reached skill level 7 in Short Blades
  3317 | D:4      | Reached XP level 7. HP: 35/35 MP: 8/8
  3412 | D:5      | Found Doozeraa's Weapon Boutique.
  4427 | D:5      | Reached skill level 8 in Short Blades
  4439 | D:5      | Gained mutation: You have razor-sharp teeth. [Vine Stalker
                  | growth]
  4439 | D:5      | Reached XP level 8. HP: 23/39 MP: 4/9
  4810 | D:5      | Reached skill level 9 in Short Blades
  5189 | D:6      | Reached skill level 10 in Short Blades
  5257 | D:6      | Reached skill level 1 in Invocations
  5257 | D:6      | Reached XP level 9. HP: 43/43 MP: 6/10
  5579 | D:6      | Found a staircase to the Ecumenical Temple.
  5905 | D:6      | Found a basalt altar of Yredelemnul.
  6279 | D:7      | Learned a level 3 spell: Fugue of the Fallen
  6507 | D:7      | Identified the +0 robe of the Lair of Beasts {Regen+}
  6602 | D:7      | Reached skill level 1 in Necromancy
  7012 | D:7      | Found a shadowy altar of Dithmenos.
  7117 | D:8      | Reached **** piety under Uskayaw
  7199 | D:8      | Found a staircase to the Lair.
  7589 | D:8      | Reached XP level 10. HP: 34/49 MP: 8/13
  7920 | D:8      | Found Gurch's General Store.
  7955 | D:8      | Noticed a two-headed ogre
  8164 | D:7      | Demolished by a two-headed ogre

Illustrated notes

Levels and vault maps discovered:
D:1:      sevenhm_arrival_forest_fort_large_2, layout_basic, minmay_pentomino_w4
D:2:      layout_basic, serial_shops, shop
D:3:      layout_rooms, serial_bayou_pond_a, serial_bayou_pond_a
D:4:      layout_basic, elyvilon_altar_4, uniq_grinder, uniq_eustachio
D:5:      layout_gridville, okawaru_gym_becter, mainiacjoe_overflow_chevrons,
          serial_shops, nicolae_shop_hallway_stairs
D:6:      layout_basic, lemuel_zombie_altar_yredelemnul,
          minmay_temple_entry_enclosed_plants, chequers_avenue
D:7:      layout_loops_ring, grunt_dithmenos_shadows
D:8:      layout_basic, erik_lair_orcish_takeover, serial_shops,
          nicolae_shop_statue_plus

Skill      XL: |  1  2  3  4  5  6  7  8  9 10 |
---------------+-------------------------------+-----
Short Blades   | 2 3 5 6 7 8 10 | 10.8
Dodging        | 2 3 4 |  4.0
Invocations    | 1 3 4 |  4.3
Fighting       | 4 |  4.0
Necromancy     | 3 |  3.6
Stealth        | |  6.0

Action                     |  1- 3 |  4- 6 |  7- 9 | 10-12 || total
---------------------------+-------+-------+-------+-------++-------
  Melee: Short sword       |    98 |   151 |       |       ||   249
         Bite              |    16 |    38 |   129 |    18 ||   201
         Rapier            |       |    23 |   355 |    24 ||   402
         Dagger            |       |     1 |    11 |    21 ||    33
  Throw: Dart              |     3 |     5 |     7 |       ||    15
         Javelin           |       |       |     1 |       ||     1
 Invoke: Stomp             |       |       |       |     1 ||     1
  Evoke: Wand              |     1 |       |       |       ||     1
    Use: Scroll            |     2 |       |     5 |       ||     7
   Stab: Sleeping          |    14 |    13 |     6 |       ||    33
         Distracted        |     2 |       |     1 |     1 ||     4
         Paralysed         |       |     1 |     9 |       ||    10
 Armour: Leather armour    |    43 |   100 |   197 |       ||   340
         Acid dragon scale |       |       |     6 |    19 ||    25
  Dodge: Dodged            |    41 |    89 |   159 |    24 ||   313

Table legend: (Time is in decaauts)
 A = Elapsed time spent in this place.
 B = Non-inter-level travel time spent in this place.
 C = Inter-level travel time spent in this place.
 D = Time resting spent in this place.
 E = Time spent auto-exploring this place.
 F = Levels seen in this place.
 G = Mean time per level.
                   A        B        C        D        E       F      G
               +--------+--------+--------+--------+--------+-----+--------+
         Total |   8009 |   7417 |    592 |   1762 |   3964 |   8 | 1001.1 |
       Dungeon |   8009 |   7417 |    592 |   1762 |   3964 |   8 | 1001.1 |
               +--------+--------+--------+--------+--------+-----+--------+

Top non-repeatable levels by time:
     D:5: 1657 daAuts
     D:4: 1208 daAuts
     D:7: 1101 daAuts
     D:6: 1079 daAuts
     D:3: 815 daAuts
     D:2: 741 daAuts
     D:1: 718 daAuts
     D:8: 688 daAuts
